 Dungeon Crawl Stone Soup version 0.31-a0-819-gf6de2f5ab6 (webtiles) character file.

Game seed: 1910476805495213731

299 adelrune the Sneak (level 6, -2/32 HPs)
             Began as a Spriggan Brigand on Sept 23, 2023.
             Was a Plaything of Xom.
             Slain by a gnoll
             ... wielding a +0 spear
              (8 damage)
             ... on level 4 of the Dungeon.
             The game lasted 00:07:33 (3242 turns).

adelrune the Sneak (Spriggan Brigand)               Turns: 3242, Time: 00:07:34

Health: -2/32      AC:  3    Str:  7    XL:     6   Next: 13%
Magic:  7/7        EV: 18    Int: 15    God:    Xom [......]
Gold:   169        SH:  0    Dex: 16    Spells: 5/5 levels left

rFire   . . .        a - +2 dagger
rCold   . . .        (no shield)
rNeg    . . .        b - +0 robe
rPois   .            (helmet restricted)
rElec   .            c - +0 cloak
rCorr   .            (gloves unavailable)
SInv    +            (boots unavailable)
Will    +....        (no amulet)
Stlth   ++++         (no ring)
HPRegen 0.25/turn    (no ring)
MPRegen 0.10/turn

%: no passive effects
@: very quick
A: very small, no large weapons, unfitting armour, see invisible, speed 3
a: Renounce Religion


You were on level 4 of the Dungeon.
You worshipped Xom.
You were a very special plaything of Xom.
You visited 1 branch of the dungeon, and saw 4 of its levels.

You collected 169 gold pieces.

Inventory:

Hand Weapons
 a - a +2 dagger (weapon)
Missiles
 d - 14 poisoned darts (quivered)
 e - 3 curare-tipped darts
Armour
 b - a +0 robe (worn)
 c - a +0 cloak (worn)
Jewellery
 h - a ring of fire
 l - a ring of protection from fire
Scrolls
 f - 2 scrolls of amnesia {unknown}
 k - 7 scrolls of identify {unknown}
 o - a scroll of blinking {unknown}
 q - 2 scrolls of poison {unknown}
 s - a scroll of enchant weapon {unknown}
 t - a scroll of immolation {unknown}
 u - a scroll of teleportation {unknown}
Potions
 g - 2 potions of attraction {unknown}
 i - a potion of brilliance {unknown}
 j - a potion of heal wounds {unknown}
 m - a potion of might {unknown}
 n - 2 potions of resistance {unknown}
 p - 3 potions of curing {unknown}
 r - 3 potions of lignification {unknown}
 v - a potion of berserk rage {unknown}


   Skills:
 + Level 2.4 Fighting
 * Level 3.9 Short Blades
 + Level 3.0 Throwing
 * Level 4.3 Dodging
 + Level 7.2 Stealth


You had 5 spell levels left.
You didn't know any spells.
Your spell library was empty.

Dungeon Overview and Level Annotations

Branches:
Dungeon (4/15)
 Temple: D:4-7

Altars:
Dithmenos
Gozag
Hepliaklqana
Kikubaaqudgha
Xom
Yredelemnul


Innate Abilities, Weirdness & Mutations

You are very small and have problems with some larger weapons.
You are too small for most types of armour.
You have supernaturally acute eyesight. (SInv)
You cover ground extremely quickly. (Speed+++)


Message History

You are too injured to fight recklessly!
You hit the gnoll.
The gnoll is moderately wounded.
The gnoll hits you from afar with a +0 spear.
* * * LOW HITPOINT WARNING * * *
You hit the gnoll.
The gnoll is severely wounded.
The gnoll completely misses you. The gnoll closely misses you. x2
You hit the gnoll.
The gnoll is moderately wounded.
You barely miss the gnoll.
The gnoll is moderately wounded.
The gnoll hits you but does no damage.
You closely miss the gnoll.
The gnoll is moderately wounded.
The gnoll barely misses you.
You hit the gnoll.
The gnoll is heavily wounded.
The gnoll misses you.
You barely miss the gnoll.
The gnoll is heavily wounded.
The gnoll barely misses you.
You barely miss the gnoll.
The gnoll is heavily wounded.
You hit the gnoll.
The gnoll is severely wounded.
The gnoll misses you.
You hit the gnoll.
The gnoll is almost dead.
The gnoll closely misses you.
You hit the gnoll but do no damage.
The gnoll is almost dead.
You hit the gnoll.
You kill the gnoll!
You see here a +0 spear.
You hit the gnoll.
The gnoll is severely wounded.
The gnoll hits you with a +0 spear!
You die...

. #### ##..
##..##### .....
#.......#......
#g..).......#
##.@...)###..+
##..###..# #
#....##>....
#....##.......
#<..###....##..
##...####..# #
....# ...
.#..... ..(.
..#.......


You could see a gnoll (confused).

Vanquished Creatures
  Sigmund (D:2)
  An orc wizard (D:3)
  Robin (D:2)
  2 adders (D:3)
  2 gnolls (D:4)
  A worm (D:2)
  3 dart slugs
  4 orcs (D:3)
  2 endoplasms (D:3)
  2 giant cockroaches
  11 goblins
  4 hobgoblins
  4 jackals (D:1)
  2 kobolds
  2 quokkas
  2 ball pythons
  8 bats
  A frilled lizard (D:1)
  3 rats
56 creatures vanquished.

Notes
Turn   | Place    | Note
-------+----------+-------------------------------------------
     0 | D:1      | adelrune the Spriggan Brigand began the quest for the Orb.
     0 | D:1      | Reached XP level 1. HP: 10/10 MP: 2/2
   116 | D:1      | Reached skill level 6 in Stealth
   390 | D:1      | Reached XP level 2. HP: 15/15 MP: 3/3
  1230 | D:2      | Reached XP level 3. HP: 18/18 MP: 4/4
  1247 | D:2      | Noticed Robin
  1247 | D:2      | Noticed Sigmund
  1777 | D:2      | Killed Robin
  1863 | D:2      | Found a faded altar of an unknown god.
  1875 | D:2      | Prayed at the altar of an unknown god.
  1875 | D:2      | Became a worshipper of Xom of Chaos
  1893 | D:2      | XOM: divination: detect items
  1971 | D:2      | XOM: potion effect (invisibility)
  1977 | D:2      | Identified the +2 leather armour of Death's Door {Dex+2}
  1998 | D:2      | Killed Sigmund
  1999 | D:2      | Reached skill level 7 in Stealth
  1999 | D:2      | Reached XP level 4. HP: 14/23 MP: 5/5
  1999 | D:2      | Reached XP level 5. HP: 16/26 MP: 6/6
  2107 | D:2      | Found a shadowy altar of Dithmenos.
  2333 | D:3      | XOM: divination: detect items
  2365 | D:3      | Found a hazy altar of Hepliaklqana.
  2757 | D:3      | Reached XP level 6. HP: 24/32 MP: 7/7
  2817 | D:3      | Found an ancient bone altar of Kikubaaqudgha.
  2819 | D:3      | Found a basalt altar of Yredelemnul.
  3166 | D:3      | Found an opulent altar of Gozag.
  3219 | D:4      | XOM: swap monsters
  3242 | D:4      | Slain by a gnoll

Illustrated notes

Levels and vault maps discovered:
D:1:      psy_arrival_radial02, layout_basic
D:2:      layout_loops_cross, basic_altar, shapermc_ecumenical_altar_pompeii,
          uniq_robin, uniq_sigmund
D:3:      layout_basic, mainiacjoe_overflow_alcove_4,
          nicolae_overflow_hidden_temple
D:4:      corexii_shack_village, layout_cave_pools, elyvilon_altar_5,
          evilmike_ruin_ashenzari, uniq_duvessa

Skill      XL: |  1  2  3  4  5 |
---------------+----------------+-----
Stealth        | 6 7 |  7.2
Dodging        | 2 3 4 |  4.3
Fighting       | 2 |  2.4
Short Blades   | 3 |  3.9
Throwing       | 3 |  3.0

Action                     |  1- 3 |  4- 6 || total
---------------------------+-------+-------++-------
  Melee: Dagger            |    93 |    93 ||   186
         Punch             |     3 |     1 ||     4
  Throw: Dart              |    14 |       ||    14
   Stab: Sleeping          |    11 |     7 ||    18
         Distracted        |     2 |       ||     2
 Armour: Robe              |    47 |    20 ||    67
  Dodge: Dodged            |    84 |    49 ||   133

Table legend: (Time is in decaauts)
 A = Elapsed time spent in this place.
 B = Non-inter-level travel time spent in this place.
 C = Inter-level travel time spent in this place.
 D = Time resting spent in this place.
 E = Time spent auto-exploring this place.
 F = Levels seen in this place.
 G = Mean time per level.
                   A        B        C        D        E       F      G
               +--------+--------+--------+--------+--------+-----+--------+
         Total |   2127 |   2039 |     88 |    128 |   1354 |   4 |  531.8 |
       Dungeon |   2127 |   2039 |     88 |    128 |   1354 |   4 |  531.8 |
               +--------+--------+--------+--------+--------+-----+--------+

Top non-repeatable levels by time:
     D:1: 804 daAuts
     D:3: 673 daAuts
     D:2: 622 daAuts
     D:4: 27 daAuts
